 Dungeon Crawl Stone Soup version 0.14.1-24-gbdbe590 (webtiles) character file.

69 Psiweapon the Ruinous (level 2, 0/15 HPs)
             Began as a Tengu Conjurer on June 26, 2014.
             Slain by an iguana skeleton (11 damage)
             ... on Level 4 of the Dungeon.
             The game lasted 00:06:08 (1742 turns).

Psiweapon the Ruinous (Tengu Conjurer)              Turns: 1742, Time: 00:06:08

HP   0/15        AC  2     Str  8      XL: 2   Next: 87%
MP   0/5         EV 12     Int 15      God:
Gold 48          SH  0     Dex 14      Spells:  2 memorised,  2 levels left

rFire  . . .     SeeInvis .     e - +0 dagger
rCold  . . .     Clarity  .     a - +0 robe
rNeg   . . .     Conserve .     (no shield)
rPois  .         rCorr    .     (helmet restricted)
rElec  .         rRot     .     (no cloak)
SustAb . .       Spirit   .     (no gloves)
rMut   .         Warding  .     (boots unavailable)
Saprov . . .     Stasis   .     (no amulet)
MR     +....                    (no ring)
                                v - ring of protection from magic {unknown}

@: very slightly contaminated, somewhat resistant to hostile enchantments,
fairly stealthy
A: beak, talons 3
a: no special abilities


You were on level 4 of the Dungeon.
You were not hungry.

You visited 1 branch of the dungeon, and saw 4 of its levels.

You collected 48 gold pieces.

Inventory:

Hand weapons
 e - a +0,+0 dagger (weapon)
Missiles
 q - a throwing net (quivered)
Armour
 a - a +0 robe (worn)
 o - a +0 leather armour
Comestibles
 b - 2 bread rations
 l - a choko
 w - 2 chunks of hobgoblin flesh
Scrolls
 d - a scroll of enchant weapon I {unknown}
 f - a scroll of enchant weapon II {unknown}
 h - a scroll of teleportation {unknown}
 k - a scroll of fog
 p - a scroll of magic mapping {unknown}
 r - a scroll of immolation {unknown}
 s - a scroll of noise {unknown}
 t - a scroll of recharging {unknown}
 x - a scroll of blinking {unknown}
Jewellery
 v - a ring of protection from magic (left hand) {unknown}
Potions
 g - a potion of mutation {unknown}
 i - a potion of curing {unknown}
 j - a potion of flight {unknown}
 m - a potion of magic {unknown}
 n - a potion of restore abilities {unknown}
 u - a potion of poison {unknown}
Books
 c - a book of Conjurations

   Spells                             Type                      Level
   *Magic Dart                        Conjuration                  1
   *Searing Ray                       Conjuration                  2
   Dazzling Spray                     Conjuration/Hexes            3
   Fulminant Prism                    Conjuration/Hexes            4
   Iskenderun's Mystic Blast          Conjuration                  4
   Iskenderun's Battlesphere          Conjuration/Charms           5


   Skills:
 + Level 2.2 Dodging
 + Level 2.0 Stealth
 + Level 2.1 Spellcasting
 + Level 6.2 Conjurations


You had 2 spell levels left.
You knew the following spells:

 Your Spells              Type           Power        Failure   Level  Hunger
a - Magic Dart            Conj           ###.         1%          1    #......
b - Searing Ray           Conj           ###...       2%          2    ###....


Dungeon Overview and Level Annotations

Branches:
Dungeon (4/15)
 Temple: D:4-7

Altars:


Innate Abilities, Weirdness & Mutations

You have a beak for a mouth.
You have claws for feet.


Message History

Confirm with . or Enter, or press ? or * to list all spells.
Aiming: Searing Ray
Press: ? - help, Shift-Dir - straight line, f - iguana skeleton
Aim: an iguana skeleton You miscast Searing Ray.
You are very lightly contaminated with residual magic.
You are momentarily dazzled by a flash of light!
The iguana skeleton barely misses you.
Casting: Searing Ray
Confirm with . or Enter, or press ? or * to list all spells.
Aiming: Searing Ray
Press: ? - help, Shift-Dir - straight line, f/p - iguana skeleton
Aim: an iguana skeleton The searing ray hits the iguana skeleton.
The iguana skeleton bites you.
The searing ray hits the iguana skeleton.
You hit the iguana skeleton but do no damage.
You peck the iguana skeleton. The iguana skeleton bites you!
Ouch! That really hurt!
You die...

....#
......!#
........#
#........#
#........#
#........#
#........#
+....$...#
#.$..z@.<#
#........#
###+######


You could see an iguana skeleton.

Vanquished Creatures
  6 hobgoblins
  2 bats (D:1)
  3 giant newts (D:1)
  2 goblins (D:1)
  2 kobolds
  2 quokkas (D:2)
  5 rats (D:1)
22 creatures vanquished.

Notes
Turn   | Place    | Note
--------------------------------------------------------------
     0 | D:1      | Psiweapon, the Tengu Conjurer, began the quest for the Orb.
     0 | D:1      | Reached XP level 1. HP: 10/10 MP: 3/3
   381 | D:1      | Reached XP level 2. HP: 15/15 MP: 1/5
   427 | D:1      | Learned a level 2 spell: Searing Ray
   468 | D:1      | Reached skill level 6 in Conjurations
  1742 | D:4      | Slain by an iguana skeleton

Action                   || total
-------------------------++-------
Melee: Dagger            ||    18
 Cast: Magic Dart        ||    24
       Searing Ray       ||     2
  Use: Scroll            ||     1
 Stab: Sleeping          ||     4
